AoeStats
← vfbjakob123

Arena

509310715Analyzed
3v3 RM · 5d ago on Sep 26, 2026· 49m 43s· 6 players
Game mode
Random Map
Map size
Normal (6 player)
Population
200
Speed
Normal
Resources
Standard
Victory
Conquest
Starting age
Dark Age
Ending age
Imperial Age
RankedLock teamsTeams togetherTeam positionsShared explorationLock speedFull tech treeHidden civsTurbo modeCheats
Victory
Defeat
🇨🇳 Hindustanis · China
1015
+11
🇨🇳 Wei · China
953
+14
🇨🇳 Khmer · China
885
+17
🇩🇪 Mongols · Germany
926
-15
🇩🇪 Poles · Germany
922
-15
🇩🇪 Franks · Germany
859
-12
Peter_Lustig
9:46 Feudal Age
14:20 Castle Age
12:08 Horse Collar
12:17 Double-Bit Axe
12:57 Loom
14:54 Wheelbarrow
17:10 Bow Saw
17:36 Heavy Plow
21:25 Stone Mining
21:39 Gold Mining
22:27 Town Watch
27:21 Fletching
27:31 Padded Archer Armor
30:50 Imperial Age
29:41 Gold Shaft Mining
29:24 Hand Cart
29:15 Husbandry
29:56 Bloodlines
32:09 Bodkin Arrow
34:36 Elite Mangudai
36:01 Bracer
36:17 Leather Archer Armor
36:24 Ballistics
38:16 Masonry
39:10 Town Patrol
vfbjakob123
10:53 Feudal Age
15:00 Castle Age
14:24 Double-Bit Axe
14:20 Horse Collar
16:54 Bow Saw
17:09 Heavy Plow
20:57 Gold Mining
21:10 Loom
23:56 Stone Mining
27:45 Scale Barding Armor
30:36 Bloodlines
30:27 Husbandry
31:50 Forging
32:00 Chain Barding Armor
35:27 Pikeman
39:40 Scale Mail Armor
45:47 Light Cavalry
felix
10:55 Feudal Age
15:41 Castle Age
15:09 Double-Bit Axe
17:59 Gold Mining
20:41 Wheelbarrow
22:34 Stone Mining
26:20 Gold Shaft Mining
27:00 Scale Barding Armor
26:55 Scale Mail Armor
30:33 Imperial Age
28:22 Bow Saw
31:00 Chain Barding Armor
30:57 Chain Mail Armor
31:01 Forging
31:04 Cavalier
31:46 Husbandry
33:04 Plate Barding Armor
32:38 Caravan
33:49 Hand Cart
34:19 Paladin
36:13 Pikeman
39:53 Man-at-Arms
41:17 Elite Skirmisher
吕小布
5:20 Loom
11:09 Feudal Age
12:57 Double-Bit Axe
15:41 Castle Age
14:29 Horse Collar
18:15 Forging
24:34 Wheelbarrow
29:24 Imperial Age
27:26 Fortified Wall
27:59 Murder Holes
27:56 Pikeman
29:01 Hand Cart
29:00 Gold Mining
29:00 Stone Mining
29:24 Bow Saw
29:24 Scale Mail Armor
29:32 Scale Barding Armor
29:50 Heavy Camel Rider
30:42 Bloodlines
31:05 Grand Trunk Road
31:28 Conscription
31:59 Iron Casting
32:59 Chain Barding Armor
33:42 Chemistry
34:36 Husbandry
34:59 Siege Engineers
35:56 Blast Furnace
36:22 Heavy Plow
37:00 Plate Barding Armor
37:56 Imperial Camel Rider
39:51 Elite Skirmisher
40:37 Thumb Ring
40:52 Fletching
41:02 Padded Archer Armor
41:04 Scale Mail Armor
44:42 Shatagni
45:59 Gold Shaft Mining
45:59 Stone Shaft Mining
45:49 Ballistics
45:26 Bodkin Arrow
45:46 Leather Archer Armor
50:14 Bracer
50:45 Ring Archer Armor
50:31 Chain Mail Armor
张益达
11:41 Feudal Age
12:46 Double-Bit Axe
15:33 Castle Age
13:44 Double-Bit Axe
14:51 Stone Mining
14:45 Horse Collar
16:42 Wheelbarrow
16:58 Loom
17:02 Town Watch
18:04 Town Watch
19:38 Bow Saw
23:56 Gold Mining
24:25 Forging
25:24 Treadmill Crane
31:25 Imperial Age
29:56 Iron Casting
29:26 Scale Barding Armor
29:13 Fletching
29:34 Husbandry
30:46 Heavy Plow
31:28 Gold Shaft Mining
31:30 Stone Shaft Mining
31:45 Hand Cart
31:31 Town Patrol
32:30 Squires
31:51 Pikeman
32:45 Bloodlines
31:57 Light Cavalry
33:20 Crop Rotation
34:11 Chemistry
33:37 Conscription
33:18 Arson
33:49 Scale Mail Armor
33:43 Halberdier
35:56 Blast Furnace
35:12 Chain Mail Armor
35:24 Heavy Hei Guang Cavalry
36:23 Murder Holes
37:50 Ming Guang Armor
40:19 Chain Barding Armor
39:56 Bodkin Arrow
44:12 Elite Tiger Cavalry
44:56 Tuntian
45:33 Hoardings
45:03 Bracer
45:03 Padded Archer Armor
47:38 Thumb Ring
46:54 Elite Skirmisher
曾小贤
0:40 Loom
17:12 Feudal Age
21:02 Castle Age
19:04 Double-Bit Axe
19:22 Stone Mining
19:25 Gold Mining
19:21 Horse Collar
22:29 Bow Saw
26:29 Elite Skirmisher
30:44 Heavy Plow
39:33 Imperial Age
39:41 Imperial Age
37:46 Wheelbarrow
37:52 Padded Archer Armor
37:42 Fletching
38:03 Forging
37:53 Scale Mail Armor
37:58 Scale Barding Armor
37:51 Murder Holes
38:17 Ballistics
37:55 Fletching
38:15 Forging
38:16 Pikeman
41:38 Chemistry
40:49 Masonry
40:55 Leather Archer Armor
40:37 Bodkin Arrow
41:18 Iron Casting
40:58 Chain Mail Armor
41:03 Chain Barding Armor
41:35 Bracer
42:35 Wheelbarrow
41:46 Town Watch
47:26 Architecture
48:23 Ring Archer Armor
49:24 Wheelbarrow
Connection lost

Rejoining the realm…

Still unreachable

The connection could not be restored.

Session expired

The server has moved on; the page needs a fresh start.